 Dungeon Crawl Stone Soup version 0.20-a0-1114-g33edf32 (webtiles) character file.

2253 urechis the Cleaver (level 9, -6/127 HPs)
             Began as a Hill Orc Berserker on May 6, 2017.
             Was an Elder of Trog.
             Mangled by an orc warrior
             ... wielding a cursed +0 halberd
              (7 damage)
             ... in a bailey.
             The game lasted 00:07:35 (6691 turns).

urechis the Cleaver (Hill Orc Berserker)            Turns: 6691, Time: 00:07:37

Health: -6/127     AC: 11    Str: 27    XL:     9   Next: 37%
Magic:  8/8        EV:  9    Int:  7    God:    Trog [****..]
Gold:   359        SH:  0    Dex: 13    Spells: 8/8 levels left

rFire    + + .     SeeInvis .   B - +2 battleaxe
rCold    . . .     Gourm    .   (shield currently unavailable)
rNeg     + . .     Faith    .   w - +0 chain mail
rPois    .         Spirit   .   A - +0 helmet
rElec    .         Reflect  .   (no cloak)
rCorr    .         Harm     .   (no gloves)
MR       .....                  (no boots)
Stlth    ..........             (no amulet)
Regen    0.4/turn               l - ring of protection from fire
MPRegen  0.2/turn               a - ring of positive energy

@: berserking (expiring), very quick
A: fire resistance 1, low mp 1, strong 1
a: Berserk, Trog's Hand, Brothers in Arms, Burn Spellbooks, Renounce Religion


You were in a bailey.
You worshipped Trog.
Trog was greatly pleased with you.
You were hungry.

You visited 1 branch of the dungeon, and saw 7 of its levels.
You also visited: Bailey.

You collected 359 gold pieces.

Inventory:

Hand Weapons
 m - a +0 war axe
 B - a +2 battleaxe (weapon)
Armour
 w - a +0 chain mail (worn)
 A - a +0 helmet (worn)
Jewellery
 a - a ring of positive energy (right hand)
 l - a ring of protection from fire (left hand)
 F - a cursed ring of teleportation {unknown}
Wands
 q - a wand of random effects (18/48)
Scrolls
 e - a scroll of recharging
 f - 2 scrolls of enchant weapon
 g - 2 scrolls of enchant armour
 i - 5 scrolls of remove curse
 j - 2 scrolls of random uselessness {unknown}
 k - 7 scrolls of immolation
 o - 3 scrolls of fear {unknown}
 r - 4 scrolls of identify
 t - a scroll of noise {unknown}
 x - a scroll of fog {unknown}
 y - 3 scrolls of teleportation
Potions
 b - a potion of heal wounds {unknown}
 h - 2 potions of resistance
 n - a potion of brilliance {unknown}
 p - a potion of flight {unknown}
 s - 3 potions of agility
 v - 2 potions of might
 C - a potion of ambrosia {unknown}
 D - 3 potions of curing {unknown}
 G - a potion of degeneration {unknown}
Comestibles
 c - 3 bread rations
 d - 3 meat rations
 u - a royal jelly
 z - 15 fruits
 E - 7 chunks of flesh


   Skills:
 - Level 10.0 Fighting
 + Level 11.4 Axes
 + Level 5.1 Armour
 - Level 1.5 Dodging


You had 8 spell levels left.
You didn't know any spells.

Dungeon Overview and Level Annotations

Branches:
Dungeon (7/15)             Temple (0/1) D:5

Altars:
Ashenzari
Dithmenos
Kikubaaqudgha
Makhleb
Trog
Uskayaw
Xom
Zin

Shops:
D:5 ?


Innate Abilities, Weirdness & Mutations

Your flesh is heat resistant. (rF+)
Your magical capacity is low. (-10% MP)
Your muscles are strong. (Str +2)


Message History

You hit the orc.
The orc warrior hits you but does no damage.
The orc barely misses you.
The orc warrior hits you from afar with a halberd!
* * * LOW HITPOINT WARNING * * *
You hit the orc warrior.
The orc warrior is heavily wounded.
You hit the orc but do no damage. The orc barely misses you.
The orc hits you from afar with a halberd!
* * * LOW HITPOINT WARNING * * *
The orc warrior hits you with an enchanted halberd!
* * * LOW HITPOINT WARNING * * *
The orc hits you but does no damage.
The orc warrior hits you from afar with a halberd!
* * * LOW HITPOINT WARNING * * *
You barely miss the orc warrior.
The orc warrior is heavily wounded.
You hit the orc. The orc barely misses you. The orc completely misses you.
The orc warrior hits you with an enchanted halberd!
You die...

#...#
#...#
#...#
#...#
###'###
##.....##
#...)...#
#.)o)o..#
#.o@)o..#
#...)o..#
#.......#
##.....##
##'''##
.....
.!?!.#
.!!!.#


You could see 2 orc warriors and 3 orcs.

Vanquished Creatures
  The ghost of inmateoo the Skirmisher, a novice OgNe (D:5)
  Duvessa (D:7)
  An ice beast (D:6)
  An orc warrior (Bailey)
  A sky beast (D:6)
  2 centaurs
  2 ogres (D:7)
  A bullfrog (D:5)
  Dowan (D:7)
  A scorpion (D:5)
  A howler monkey (D:4)
  4 wights (D:6)
  4 crimson imps
  A quasit (D:5)
  A centaur skeleton (D:3)
  2 hounds (D:5)
  An iguana (D:4)
  3 worker ants
  A killer bee zombie (D:6)
  A hound zombie (D:6)
  A gnoll (D:1)
  7 adders
  A shadow imp (D:6)
  2 oozes (D:2)
  An adder skeleton (D:4)
  5 worms
  2 dart slugs (D:2)
  6 leopard geckos
  24 orcs
  5 giant cockroaches
  6 goblins
  5 hobgoblins
  19 jackals
  7 kobolds
  A quokka (D:2)
  3 ball pythons
  A ball python skeleton (D:4)
  3 bats
  9 frilled lizards
  A quokka skeleton (D:6)
  10 rats
150 creatures vanquished.

Notes
Turn   | Place    | Note
-------+----------+-------------------------------------------
     0 | D:1      | urechis the Hill Orc Berserker began the quest for the Orb.
     0 | D:1      | Reached XP level 1. HP: 19/19 MP: 1/1
    26 | D:1      | Reached XP level 2. HP: 21/27 MP: 2/2
    99 | D:1      | Reached XP level 3. HP: 17/34 MP: 3/3
   375 | D:1      | Reached ** piety under Trog
   853 | D:2      | Reached skill level 5 in Fighting
  1092 | D:2      | Reached XP level 4. HP: 39/42 MP: 4/4
  1472 | D:2      | Reached skill level 5 in Axes
  2326 | D:2      | Noticed a hand axe
  2328 | D:2      | Noticed a hand axe
  2328 | D:2      | Found a hide-covered altar of Uskayaw.
  2759 | D:3      | Found a shadowy altar of Dithmenos.
  2760 | D:3      | Found a shattered altar of Ashenzari.
  2875 | D:3      | Found a faded altar of an unknown god.
  2935 | D:3      | Reached XP level 5. HP: 50/50 MP: 5/5
  2942 | D:3      | Reached *** piety under Trog
  3268 | D:4      | Reached skill level 6 in Axes
  3498 | D:4      | Reached XP level 6. HP: 45/58 MP: 6/6
  3750 | D:4      | Found a glowing silver altar of Zin.
  4346 | D:5      | Entered Level 5 of the Dungeon
  4509 | D:5      | Found Ikumaan's Magic Scroll Boutique.
  4512 | D:5      | Noticed inmateoo's ghost (novice OgNe)
  4519 | D:5      | Reached skill level 7 in Axes
  4533 | D:5      | Killed inmateoo's ghost
  4533 | D:5      | Reached skill level 8 in Axes
  4533 | D:5      | Reached XP level 7. HP: 69/69 MP: 7/7
  4533 | D:5      | Reached XP level 8. HP: 75/75 MP: 8/8
  4700 | D:5      | Reached skill level 9 in Axes
  5190 | D:5      | Found a staircase to the Ecumenical Temple.
  5498 | D:6      | Found a bloodstained altar of Trog.
  5515 | D:6      | Reached skill level 10 in Axes
  5614 | D:6      | Gained mutation: Your magical capacity is low. (-10% MP) [mutagenic meat]
  5615 | D:6      | Gained mutation: Your muscles are strong. (Str +2) [mutagenic meat]
  5616 | D:6      | Gained mutation: Your flesh is heat resistant. (rF+) [mutagenic meat]
  5743 | D:6      | Reached skill level 10 in Fighting
  5758 | D:6      | Reached **** piety under Trog
  5876 | D:6      | Reached XP level 9. HP: 67/85 MP: 8/8
  5963 | D:6      | Found a burning altar of Makhleb.
  5964 | D:6      | Found a shimmering altar of Xom.
  6379 | D:7      | Reached skill level 11 in Axes
  6385 | D:7      | Found an ancient bone altar of Kikubaaqudgha.
  6387 | D:7      | Noticed Duvessa
  6388 | D:7      | Noticed Dowan
  6400 | D:7      | Killed Duvessa
  6401 | D:7      | Killed Dowan
  6519 | D:7      | Found a flagged portal.
  6527 | Bailey   | Entered a bailey
  6551 | Bailey   | Received a gift from Trog
  6688 | Bailey   | Reached skill level 5 in Armour
  6690 | Bailey   | HP: 1/127 [orc warrior/halberd (12)]
  6691 | Bailey   | Mangled by an orc warrior

Vault maps used:
D:1:      tarquinn_simple_flora_water_a, grunt_decor_resistance
D:2:      dancing_weapons_uskayaw
D:3:      gammafunk_temple_overflow_statue, chequers_ecumenical_altar_simple,
          kennysheep_generic_room_6
D:4:      zin_statuary
D:5:      minmay_temple_entry_glassed_door, serial_shops,
          nicolae_shop_statue_plus, first_bread
D:6:      grunt_temple_overflow_champion_of_chaos, basic_altar,
          mrwooster_statue_mirror, nicolae_benzene_ring
D:7:      enter_bailey_1, basic_altar, uniq_duvessa
Bailey:   bailey_polearm_5, bailey

Skill      XL: |  1  2  3  4  5  6  7  8  9 |
---------------+----------------------------+-----
Fighting       | 4 5 6 8 10 | 10.0
Axes           | 5 6 8 10 11 | 11.4
Armour         | 3 5 |  5.1
Dodging        | |  1.5

Action                   |  1- 3 |  4- 6 |  7- 9 || total
-------------------------+-------+-------+-------++-------
Melee: Hand axe          |    90 |    25 |       ||   115
       War axe           |       |   188 |    58 ||   246
       Battleaxe         |       |       |    86 ||    86
Invok: Berserk           |     2 |     2 |     5 ||     9
  Use: Scroll            |       |       |    10 ||    10
 Stab: Sleeping          |     1 |       |       ||     1
  Eat: Chunk             |     2 |    12 |    15 ||    29
Armor: Animal skin       |    13 |     7 |       ||    20
       Chain mail        |       |    74 |   127 ||   201
Dodge: Dodged            |    71 |   108 |    97 ||   276
